[Event "Titled Tuesday Blitz May 23 Late 2023"]
[White "Fiorito, Francisco"]
[Black "Domingo Nunez, Ruben"]
[WhiteFideId "180165"]
[BlackFideId "22245570"]
[WhiteElo "2341"]
[BlackElo "2404"]
[Result "0-1"]
[Round "07"]
[TimeControl "180+2"]
[Date "2023.05.23"]
[WhiteClock "0:00:02"]
[BlackClock "0:00:06"]

1. d4 g6 2. e4 Bg7 3. Nc3 c6 4. Bc4 d5 5. exd5 b5 6. Bb3 b4 7. Na4 cxd5 8. Nf3 Bg4 9. O-O e6 10. c3 Nc6 11. h3 Bxf3 12. Qxf3 Nge7 13. Nc5 O-O 14. Re1 Nf5 15. g3 Rc8 16. Be3 Qa5 17. Rac1 Rfd8 18. h4 h5 19. Bg5 Re8 20. Qd3 bxc3 21. bxc3 Qc7 22. Ba4 Rf8 23. Bf4 Qa5 24. Bb3 Rfd8 25. Nb7 Qa3 26. Nxd8 Rxd8 27. Qb5 Rc8 28. Kg2 Bf6 29. Qd3 Na5 30. Rb1 Kg7 31. Be5 Bxe5 32. Rxe5 Nc4 33. Bxc4 Rxc4 34. Rb3 Qxa2 35. Rb7 Qa6 36. Rd7 Qc6 37. Rxa7 Rxc3 38. Qd2 Qb6 39. Rd7 Rc7 40. Rxc7 Qxc7 41. Qf4 Qc3 42. Rxf5 gxf5 43. Qg5+ Kf8 44. Qd8+ Kg7 45. Qg5+ Kf8 46. Qxh5 Qxd4 47. Qg5 Qe4+ 48. Kh2 Qg4 49. Qd8+ Kg7 50. Kg2 Qe4+ 51. Kh2 Qg4 52. Kg2 d4 53. Qd6 Kg8 54. Qd8+ Kh7 55. Qd6 Qe4+ 56. Kh2 d3 57. Qd7 Kg7 58. h5 Qg4 59. h6+ Kxh6 60. Qxd3 Kg7 61. Qc3+ Kg6 62. Kg2 Qe4+ 63. Kh2 Qe2 64. Kg2 Qb5 65. Qe3 Qd5+ 66. Kh2 Qe4 67. Qd2 Qf3 68. Kg1 Kf6 69. Qd8+ Kg6 70. Qd4 Qg4 71. Qh8 Qd1+ 72. Kg2 Qd5+ 73. Kh2 Qf3 74. Qg8+ Kf6 75. Qd8+ Ke5 76. Kg1 Qd5 77. Qc7+ Ke4 78. Qxf7 Qd1+ 79. Kg2 Qf3+ 80. Kg1 Qd1+ 81. Kg2 Qd5 82. Qg7 Kd3+ 83. Kh2 Ke2 84. Kg1 Qd1+ 85. Kh2 Kxf2 86. Qa7+ Kf3 87. Qa8+ Kf2 88. Qa7+ Ke1 89. Qa5+ Qd2+ 90. Qxd2+ Kxd2 91. Kg2 Ke3 92. Kh3 Kf3 93. Kh4 e5 94. g4 fxg4 0-1


[Site "https://www.chess.com"]

[Event "Titled Tuesday Blitz May 23 Late 2023"]
[White "Horvath, Dominik"]
[Black "Rodriguez, Santiago"]
[WhiteFideId "1642561"]
[BlackFideId "3000591"]
[WhiteElo "2407"]
[BlackElo "2249"]
[Result "1-0"]
[Round "07"]
[TimeControl "180+2"]
[Date "2023.05.23"]
[WhiteClock "0:00:06"]
[BlackClock "0:00:00"]

1. e4 c5 2. c3 Nf6 3. e5 Nd5 4. Bc4 e6 5. Nf3 d6 6. d4 cxd4 7. cxd4 Be7 8. O-O O-O 9. Qe2 Nc6 10. Qe4 Bd7 11. Bb3 Rc8 12. Nc3 dxe5 13. dxe5 Nxc3 14. bxc3 Qa5 15. Bh6 Rfd8 16. Bc2 g6 17. Qf4 Be8 18. Rfe1 Qxc3 19. Rac1 Nd4 20. Nxd4 Rxd4 21. Be4 Qb4 22. f3 Rxc1 23. Rxc1 Bc6 24. h3 Rc4 25. Rd1 Bxe4 26. fxe4 Rxe4 27. Qf3 Re1+ 28. Kh2 Rxd1 29. Qxd1 Bf8 30. Qd8 Qc5 31. Bf4 Qe7 32. Qc8 Kg7 33. a4 g5 34. Bg3 h6 35. Qc2 b6 36. Qe4 Qc5 37. Qf3 Qd5 38. Qf6+ Kg8 39. h4 gxh4 40. Qxh4 Bg7 41. Qg4 Kh7 42. Qf4 Kg6 43. Qg4+ Kh7 44. Qf4 Kg8 45. Qg4 a6 46. Qh5 b5 47. axb5 axb5 48. Qg4 Qc4 49. Qf3 b4 50. Bf4 b3 51. Qg3 Kh7 52. Qf2 Qe4 53. Bg3 1-0


[Site "https://www.chess.com"]

[Event "Titled Tuesday Blitz May 23 Late 2023"]
[White "Alex_Sahakyan2006"]
[Black "Debray, Christopher"]
[BlackFideId "630810"]
[WhiteElo "2683"]
[BlackElo "2340"]
[Result "1-0"]
[Round "07"]
[TimeControl "180+2"]
[Date "2023.05.23"]
[WhiteClock "0:00:14"]
[BlackClock "0:01:05"]

1. d4 g6 2. e4 Bg7 3. Nc3 d6 4. f4 Nf6 5. Nf3 O-O 6. e5 dxe5 7. dxe5 Qxd1+ 8. Kxd1 Nfd7 9. Nd5 Rd8 10. Ke1 b6 11. Nxc7 Bb7 12. Nxa8 Bxa8 13. Bc4 Nc6 14. c3 Nc5 15. Be3 Na4 16. Rb1 Na5 17. Bb3 Be4 18. Rd1 Rxd1+ 19. Kxd1 Nxb2+ 20. Ke2 e6 21. Nd2 Bf5 22. h3 h5 23. g3 Bf8 24. Kf3 Bc5 25. Bxc5 bxc5 26. g4 hxg4+ 27. hxg4 Bd3 28. Ke3 Bb5 29. Rb1 Na4 30. Bxa4 Bxa4 31. Rb8+ Kg7 32. Ne4 c4 33. Nf6 g5 34. Rg8+ Kh6 35. fxg5# 1-0


[Site "https://www.chess.com"]

[Event "Titled Tuesday Blitz May 23 Late 2023"]
[White "Arnold, Ken"]
[Black "Maksimovic, Bojan"]
[WhiteFideId "2056836"]
[BlackFideId "14408120"]
[WhiteElo "2430"]
[BlackElo "2468"]
[Result "0-1"]
[Round "07"]
[TimeControl "180+2"]
[Date "2023.05.23"]
[WhiteClock "0:00:11"]
[BlackClock "0:01:51"]

1. d4 g6 2. Nf3 Bg7 3. c3 d6 4. Bf4 Nd7 5. e3 Ngf6 6. Nbd2 O-O 7. h3 b6 8. Bh2 Bb7 9. Be2 c5 10. O-O a6 11. a4 Ra7 12. Nc4 Qa8 13. dxc5 bxc5 14. Na5 Bd5 15. Ne1 Rb8 16. Qc1 h5 17. Bf3 Bxf3 18. Nxf3 Ne4 19. Rd1 Rc7 20. Nc4 Rcb7 21. Ra2 Rb3 22. Qc2 Ndf6 23. a5 R3b5 24. Nb6 Qc6 25. Nd2 Nxd2 26. Rxd2 Nd7 27. Nxd7 Qxd7 28. Qd3 Qb7 29. Bg3 Bf6 30. f3 Rb3 31. Bf2 Qc6 32. e4 R8b5 33. Qc4 Qb7 34. Qe2 Be5 35. g3 Qc7 36. Qc4 Qb7 37. Qe2 Bf6 38. Kg2 Kg7 39. h4 Qc8 40. Be3 Rb8 41. Qc4 R3b5 42. Qd5 Qc7 43. Re2 Rxa5 44. Rxa5 Qxa5 45. b4 Qb5 46. Rc2 cxb4 47. Qxb5 Rxb5 48. cxb4 Rxb4 49. Rc6 Rb2+ 50. Kf1 Rb3 51. Bf2 a5 52. Ra6 Rxf3 53. Rxa5 Bd4 54. Ra2 Kf6 55. Kg2 Rxf2+ 56. Rxf2+ Bxf2 57. Kxf2 Ke5 0-1


[Site "https://www.chess.com"]

[Event "Titled Tuesday Blitz May 23 Late 2023"]
[White "Hasangatin, Ramil"]
[Black "Melian, Juan Sebastian"]
[WhiteFideId "4122160"]
[BlackFideId "3706575"]
[WhiteElo "2279"]
[BlackElo "2092"]
[Result "1/2-1/2"]
[Round "07"]
[TimeControl "180+2"]
[Date "2023.05.23"]
[WhiteClock "0:00:06"]
[BlackClock "0:00:09"]

1. e4 e5 2. Nf3 Nc6 3. Bb5 a6 4. Ba4 Nf6 5. Bxc6 dxc6 6. d3 Bd6 7. Bg5 h6 8. Bh4 Qe7 9. Nbd2 g5 10. Bg3 Bg4 11. h3 Bxf3 12. Qxf3 O-O-O 13. O-O-O Kb8 14. Nc4 Nd7 15. Qf5 f6 16. h4 Nb6 17. Nxb6 cxb6 18. f3 Ka7 19. Kb1 Bc5 20. Be1 a5 21. Bc3 Bb4 22. Bxb4 axb4 23. hxg5 fxg5 24. Rh5 Rdf8 25. Qh3 Qg7 26. Rh1 Rf6 27. Qg4 Rf4 28. Qe6 g4 29. fxg4 Rxg4 30. Qxe5 Qxe5 31. Rxe5 Rxg2 32. Reh5 Rf8 33. Rxh6 Rff2 34. Rc1 Re2 35. b3 Ka6 36. Kb2 Rd2 37. Rd6 Rge2 38. Rd4 c5 39. Rd5 Kb5 40. Kb1 Kc6 41. Rh5 Kb5 42. Rh6 Ka6 43. Rh8 Kb5 44. Rb8 Kc6 45. Ra8 Kc7 46. a4 bxa3 47. Rxa3 Kc6 48. Ra7 Kc7 49. Ra8 Kc6 50. Rc8+ Kd7 51. Rb8 Kc6 52. Rh8 Kb5 53. Rh6 Ka5 54. Kb2 Kb5 55. Kc3 Ka5 56. Rh7 Kb5 57. Rxb7 Kc6 58. Rh7 Kb5 59. Rh6 Ka5 60. Rd6 Kb5 61. Rd5 Kc6 62. Rh5 Kb5 63. Rh8 Kc6 64. Ra8 Kb7 65. Ra4 Kc6 66. Ra2 Kb5 67. Kb2 Rxd3 68. Ra4 Rde3 69. Rc4 Rxe4 70. Rxe4 Rxe4 71. Rd1 Kc6 72. Rd8 Re6 73. Rc8+ Kb7 74. Rh8 Kc6 75. Rh7 b5 76. Rh3 Kb6 77. Rh5 Rf6 78. Rg5 Rd6 79. Kc3 Rc6 80. b4 cxb4+ 81. Kxb4 Rxc2 82. Rxb5+ Kc6 83. Rh5 Rd2 84. Kb3 Rd5 85. Rxd5 Kxd5 1/2-1/2


[Site "https://www.chess.com"]

[Event "Titled Tuesday Blitz May 23 Late 2023"]
[White "Dimitrov, Atanas"]
[Black "Guerra Tulcan, Lenin"]
[WhiteFideId "2901315"]
[BlackFideId "3601382"]
[WhiteElo "2705"]
[BlackElo "2368"]
[Result "1-0"]
[Round "07"]
[TimeControl "180+2"]
[Date "2023.05.23"]
[WhiteClock "0:00:09"]
[BlackClock "0:00:11"]

1. e4 c5 2. Nc3 e6 3. Nf3 Nc6 4. g3 b6 5. Bg2 Bb7 6. O-O Nge7 7. d4 cxd4 8. Nxd4 Nxd4 9. Qxd4 Nc6 10. Qd1 Be7 11. Be3 O-O 12. Ne2 Ne5 13. h3 Rc8 14. b3 Qc7 15. c4 Rfd8 16. Rc1 d6 17. Kh2 Qb8 18. Qc2 Qa8 19. Nc3 Nd7 20. Rfd1 h6 21. Qe2 Nf6 22. Qd3 d5 23. cxd5 exd5 24. Nxd5 Nxd5 25. Rxc8 Qxc8 26. exd5 Bd6 27. Rc1 Qd7 28. h4 Qe7 29. Kg1 Ba3 30. Rd1 Bd6 31. Rc1 Ba3 32. Rc2 Qf6 33. Bd4 Qd6 34. Qf5 Bxd5 35. Qg4 f6 36. Bh3 Bf7 37. Rd2 Bb4 38. Rd1 Qe7 39. Be3 Rxd1+ 40. Qxd1 Bc5 41. Bxc5 Qxc5 42. Qd8+ Kh7 43. Qd7 Qd5 44. Qxa7 Qd1+ 45. Kh2 Qd4 46. Qxf7 Qxf2+ 47. Bg2 Qxa2 48. Qe6 Qf2 49. Kh3 Kh8 50. Qe8+ Kh7 51. Qe6 Kh8 52. Qe8+ Kh7 53. Qb5 f5 54. Qd3 Kg6 55. Qf3 Qc2 56. Qc6+ Qxc6 57. Bxc6 Kf6 58. b4 g5 59. hxg5+ hxg5 60. b5 Ke5 61. Kg2 Kd4 62. Kf3 Ke5 63. Bd7 Kf6 64. g4 fxg4+ 65. Kxg4 Ke5 66. Kxg5 Kd6 67. Bc6 Kc5 68. Kf6 Kb4 69. Ke7 Kc5 70. Kd7 Kb4 71. Kc7 Ka5 72. Kb7 1-0


[Site "https://www.chess.com"]

[Event "Titled Tuesday Blitz May 23 Late 2023"]
[White "Martinez Ramirez, Lennis"]
[Black "Baghdasaryan, Vahe"]
[WhiteFideId "3509079"]
[BlackFideId "13303139"]
[WhiteElo "2410"]
[BlackElo "2216"]
[Result "0-1"]
[Round "07"]
[TimeControl "180+2"]
[Date "2023.05.23"]
[WhiteClock "0:00:31"]
[BlackClock "0:00:58"]

1. c4 c5 2. Nf3 Nc6 3. Nc3 g6 4. e3 Nf6 5. d4 cxd4 6. exd4 d5 7. cxd5 Nxd5 8. Bc4 Nxc3 9. Qb3 Nd5 10. Bxd5 e6 11. Bxc6+ bxc6 12. O-O f6 13. Re1 Kf7 14. Bf4 Qd5 15. Qxd5 exd5 16. Rac1 Bd7 17. Re3 g5 18. Bg3 g4 19. Nd2 Bh6 20. Rcc3 Bxe3 21. fxe3 Rhe8 22. Bf4 a5 23. Nb3 a4 24. Nc5 Bf5 25. Ra3 Re7 26. Kf2 Rea7 27. Kg3 Ra5 28. Bd6 Rb5 29. Rxa4 Re8 30. Ra7+ Kg6 31. Bf4 Rxb2 32. a4 h5 33. Rc7 h4+ 34. Kxh4 Rxg2 0-1


[Site "https://www.chess.com"]

[Event "Titled Tuesday Blitz May 23 Late 2023"]
[White "Baches Garcia, Guillermo"]
[Black "Morefield, Jason"]
[WhiteFideId "2209764"]
[BlackFideId "30920825"]
[WhiteElo "2533"]
[BlackElo "2171"]
[Result "0-1"]
[Round "07"]
[TimeControl "180+2"]
[Date "2023.05.23"]
[WhiteClock "0:00:00"]
[BlackClock "0:00:18"]

1. e4 d6 2. d4 Nf6 3. f3 c5 4. Ne2 cxd4 5. Nxd4 Nc6 6. c4 e6 7. Nc3 Be7 8. Be3 O-O 9. Be2 d5 10. exd5 exd5 11. O-O Re8 12. cxd5 Nxd5 13. Nxc6 Nxe3 14. Nxd8 Nxd1 15. Rfxd1 Rxd8 16. Rxd8+ Bxd8 17. Rd1 Be6 18. Bb5 Bb6+ 19. Kf1 Kf8 20. Bd7 Bc4+ 21. Ke1 f5 22. Bxf5 g6 23. Be4 Re8 24. Rd7 Re7 25. Rxb7 Rxb7 26. Bxb7 Bg1 27. h3 Bd4 28. a3 Ke7 29. Be4 Kf6 30. f4 h6 31. g4 g5 32. fxg5+ hxg5 33. Bg2 Ke5 34. Bf1 Be6 35. Bd3 Bb6 36. Ne2 Bd5 37. Kf1 Bf3 38. b4 Be3 39. a4 Bd2 40. b5 Bd5 41. Kf2 Bb3 42. b6 axb6 43. Bb5 Bd1 44. Ng3 Kf4 0-1


[Site "https://www.chess.com"]

[Event "Titled Tuesday Blitz May 23 Late 2023"]
[White "Sun, Rick"]
[Black "Ladan, Nicholas"]
[WhiteFideId "30909481"]
[BlackFideId "30918855"]
[WhiteElo "2169"]
[BlackElo "2167"]
[Result "1-0"]
[Round "07"]
[TimeControl "180+2"]
[Date "2023.05.23"]
[WhiteClock "0:00:03"]
[BlackClock "0:00:00"]

1. d4 d5 2. Nc3 Nf6 3. Bf4 c5 4. e3 a6 5. Nf3 Nc6 6. dxc5 Bg4 7. Be2 e6 8. O-O Bxc5 9. Re1 O-O 10. h3 Bh5 11. Ne5 Bxe2 12. Qxe2 Bd6 13. Nxc6 bxc6 14. Bxd6 Qxd6 15. e4 Qb4 16. e5 Nd7 17. Rab1 Rfb8 18. a3 Qf4 19. g3 Qd4 20. Rbd1 Qa7 21. b4 a5 22. b5 Qc5 23. Ne4 Qxb5 24. Qh5 g6 25. Qg5 Qb2 26. Qe7 Ra7 27. Nf6+ Nxf6 28. Qxa7 Ne4 29. Rc1 Rb5 30. Qa8+ Kg7 31. Qa7 Qxa3 32. Qe3 Qxe3 33. Rxe3 Rc5 34. Ra3 Nc3 35. Rca1 Ne2+ 36. Kg2 Nd4 37. Rxa5 Rxc2 38. Ra8 1-0


[Site "https://www.chess.com"]

[Event "Titled Tuesday Blitz May 23 Late 2023"]
[White "Janaszak, Dawid"]
[Black "Annaberdiyev, Meylis"]
[WhiteFideId "1119206"]
[BlackFideId "14000563"]
[WhiteElo "2220"]
[BlackElo "2416"]
[Result "0-1"]
[Round "07"]
[TimeControl "180+2"]
[Date "2023.05.23"]
[WhiteClock "0:00:07"]
[BlackClock "0:00:18"]

1. e4 c5 2. Nc3 Nc6 3. Bb5 Nd4 4. Nf3 e6 5. O-O a6 6. Bd3 Nc6 7. e5 d6 8. exd6 Bxd6 9. Ne4 Nge7 10. Nxd6+ Qxd6 11. Re1 e5 12. b3 f6 13. Be4 Bf5 14. Ba3 O-O 15. d3 b6 16. Nd2 Rad8 17. Bb2 Qc7 18. Bxf5 Nxf5 19. Ne4 Nfd4 20. Rc1 Qf7 21. c3 Ne6 22. Qc2 Qg6 23. Rcd1 Nf4 24. g3 f5 25. Kh1 fxe4 26. gxf4 exd3 27. Qd2 Rxf4 28. Rxe5 Nxe5 29. Qxf4 Qc6+ 30. Kg1 Nf3+ 31. Kf1 Nd4 32. Qg5 Qh1+ 33. Qg1 Qf3 34. Rd2 Nf5 35. c4 Ne3+ 36. Ke1 Nc2+ 37. Rxc2 Re8+ 38. Kf1 Qd1+ 39. Kg2 Qxg1+ 40. Kxg1 dxc2 0-1


[Site "https://www.chess.com"]

[Event "Titled Tuesday Blitz May 23 Late 2023"]
[White "Haydon, David L"]
[Black "Perez, Maximiliano"]
[WhiteFideId "415405"]
[BlackFideId "117234"]
[WhiteElo "2326"]
[BlackElo "2344"]
[Result "1-0"]
[Round "07"]
[TimeControl "180+2"]
[Date "2023.05.23"]
[WhiteClock "0:00:29"]
[BlackClock "0:00:06"]

1. e4 c5 2. Nf3 d6 3. Bb5+ Nd7 4. a4 Nf6 5. Qe2 e6 6. c3 Be7 7. O-O O-O 8. d4 cxd4 9. cxd4 a6 10. Bd3 e5 11. Nc3 exd4 12. Nxd4 Nc5 13. Bc2 Re8 14. Rd1 Bf8 15. Nb3 Qc7 16. Nxc5 dxc5 17. f3 Bd6 18. g3 Be5 19. Be3 Bd7 20. a5 Rac8 21. Qf2 Bb5 22. Rd2 h5 23. Bb3 h4 24. gxh4 Bf4 25. Nd5 Nxd5 26. Bxd5 Bxe3 27. Qxe3 Qe7 28. Qg5 c4 29. Qxe7 Rxe7 30. Rc1 Rec7 31. Rdc2 g6 32. Kf2 Kg7 33. Ke3 Rh8 34. Bxc4 Bxc4 35. Rxc4 Rxc4 36. Rxc4 Rxh4 37. Rb4 Rh5 38. Rxb7 Rxa5 39. Kf4 Rh5 40. Kg3 a5 41. h4 Rc5 42. Kf4 Rc1 43. e5 Re1 44. Rb5 a4 45. Rb4 Re2 46. Rb7 Rh2 47. e6 Rxh4+ 48. Kg3 Rc4 49. Rxf7+ Kg8 50. Rb7 Rc6 51. Rb8+ 1-0


[Site "https://www.chess.com"]

[Event "Titled Tuesday Blitz May 23 Late 2023"]
[White "Machidon, Cristi"]
[Black "Maltsevskaya, Aleksandra"]
[WhiteFideId "13904590"]
[BlackFideId "24174041"]
[WhiteElo "2355"]
[BlackElo "2302"]
[Result "1-0"]
[Round "07"]
[TimeControl "180+2"]
[Date "2023.05.23"]
[WhiteClock "0:02:37"]
[BlackClock "0:02:05"]

1. d4 Nf6 2. Nf3 g6 3. Bg5 Bg7 4. Nbd2 d6 5. e4 O-O 6. c3 b6 7. Bd3 Bb7 8. O-O Nbd7 9. Qe2 e5 10. a4 h6 11. Bh4 a6 12. Rfe1 Qe7 13. dxe5 Nxe5 14. Nxe5 dxe5 15. Nc4 Qe6 16. Rad1 Nh5 17. Bg3 Rfd8 18. Ne3 Nf4 19. Bxf4 exf4 20. Nd5 Be5 21. Bc4 Qc6 22. Ne7+ 1-0


[Site "https://www.chess.com"]

[Event "Titled Tuesday Blitz May 23 Late 2023"]
[White "Ognean, Mihnea-Ionut"]
[Black "carokannlover213"]
[WhiteFideId "1232347"]
[WhiteElo "2215"]
[BlackElo "2667"]
[Result "0-1"]
[Round "07"]
[TimeControl "180+2"]
[Date "2023.05.23"]
[WhiteClock "0:00:07"]
[BlackClock "0:00:09"]

1. Nf3 Nf6 2. d4 e6 3. e3 d5 4. b3 c5 5. Bb2 Nc6 6. Nbd2 Be7 7. a3 O-O 8. Bd3 b6 9. O-O a5 10. Ne5 Nxe5 11. dxe5 Nd7 12. f4 f5 13. exf6 Nxf6 14. e4 Bb7 15. e5 Ne4 16. Nxe4 dxe4 17. Bc4 Bd5 18. Qe2 Bxc4 19. Qxc4 Qd5 20. Qe2 c4 21. Rad1 Qc6 22. Bd4 Bxa3 23. Qg4 cxb3 24. cxb3 Rad8 25. Kh1 Rd7 26. f5 exf5 27. Qg5 Qe6 28. Ba1 Be7 29. Qe3 Rfd8 30. Rc1 Rd3 31. Qf4 Rxb3 32. Qxf5 Qxf5 33. Rxf5 e3 34. e6 e2 35. Rg1 Rd1 36. Re5 Rxg1+ 37. Kxg1 Bc5+ 38. Rxc5 Rb1+ 39. Kf2 e1=Q+ 40. Kf3 bxc5 41. e7 Qxe7 0-1


[Site "https://www.chess.com"]

[Event "Titled Tuesday Blitz May 23 Late 2023"]
[White "Cruz Mendez, Jean Marco"]
[Black "Aldokhin, Ivan"]
[WhiteFideId "3526402"]
[BlackFideId "24115720"]
[WhiteElo "2064"]
[BlackElo "2322"]
[Result "0-1"]
[Round "07"]
[TimeControl "180+2"]
[Date "2023.05.23"]
[WhiteClock "0:00:26"]
[BlackClock "0:00:59"]

1. e4 c5 2. Nf3 e6 3. d4 cxd4 4. Nxd4 a6 5. Nc3 Qc7 6. a3 Nf6 7. Be3 b5 8. f4 d6 9. Bd3 Bb7 10. O-O Nbd7 11. Qf3 Be7 12. Rae1 h6 13. Qg3 g5 14. f5 e5 15. Nb3 Nc5 16. Bxc5 dxc5 17. Nd5 Bxd5 18. exd5 c4 19. Rxe5 O-O-O 20. Nd4 Bc5 21. c3 cxd3 0-1


[Site "https://www.chess.com"]

[Event "Titled Tuesday Blitz May 23 Late 2023"]
[White "ArrestingPieces"]
[Black "Goroshkov, Maksym"]
[BlackFideId "14142716"]
[WhiteElo "2487"]
[BlackElo "2322"]
[Result "1/2-1/2"]
[Round "07"]
[TimeControl "180+2"]
[Date "2023.05.23"]
[WhiteClock "0:00:25"]
[BlackClock "0:00:27"]

1. d4 Nf6 2. Nf3 d6 3. Nc3 g6 4. e4 Bg7 5. Be3 O-O 6. Qd2 Ng4 7. Bg5 c5 8. dxc5 dxc5 9. h3 Ne5 10. Qxd8 Rxd8 11. Nxe5 Bxe5 12. Bxe7 Re8 13. Bxc5 Bxc3+ 14. bxc3 Rxe4+ 15. Be3 Nc6 16. Bd3 Re7 17. O-O Ne5 18. Bg5 Re8 19. Rfe1 Bxh3 20. Be4 Bf5 21. Bxb7 Rab8 22. Be4 Bxe4 23. Rxe4 f5 24. Rd4 Rbc8 25. Bd2 Nc4 26. Rb1 Nxd2 27. Rxd2 Re7 28. Rb3 Rec7 29. Rd3 Kg7 30. g3 h6 31. Kg2 g5 32. Ra3 Kg6 33. Rd6+ Kg7 34. Raa6 Rxc3 35. Rg6+ Kf7 36. Rxh6 Rxc2 37. Rxa7+ Kg8 38. Rg6+ Kh8 39. Rxg5 f4 40. gxf4 Rd2 41. Ra3 Rc7 42. Rh3+ Rh7 43. Rxh7+ Kxh7 44. a4 Ra2 45. a5 Ra3 46. f3 Kh6 47. Kg3 Ra2 48. Kg4 Ra1 49. Rb5 Kg6 50. Rb6+ Kf7 51. Kf5 Rxa5+ 52. Kg4 Rc5 53. f5 Rc1 54. Kg5 Rg1+ 55. Kf4 Rc1 56. Rb7+ Kf6 57. Rb6+ Kf7 58. f6 Rc5 59. Kg4 Ra5 60. f4 Rc5 61. Rd6 Ra5 62. Kf3 Ra4 63. Kg4 Ra5 64. f5 Ra1 65. Rd7+ Kxf6 66. Rd6+ Kf7 67. Rb6 Rg1+ 68. Kf4 Rf1+ 69. Ke5 Re1+ 70. Kf4 Rf1+ 71. Ke5 Re1+ 72. Kf4 Rf1+ 1/2-1/2


[Site "https://www.chess.com"]

[Event "Titled Tuesday Blitz May 23 Late 2023"]
[White "Kleiman, Jake"]
[Black "reevecanada"]
[WhiteFideId "2020041"]
[WhiteElo "2619"]
[BlackElo "2446"]
[Result "1-0"]
[Round "07"]
[TimeControl "180+2"]
[Date "2023.05.23"]
[WhiteClock "0:01:02"]
[BlackClock "0:00:03"]

1. e4 c5 2. c3 Nf6 3. e5 Nd5 4. Bc4 Nb6 5. Bb3 e6 6. Nf3 d6 7. d4 cxd4 8. cxd4 Nc6 9. Qe2 d5 10. Nc3 Be7 11. O-O O-O 12. a3 Bd7 13. Bc2 Rc8 14. Qd3 g6 15. Bh6 Re8 16. Rad1 Bf8 17. Bg5 Be7 18. Bh6 Bf8 19. Bc1 Na5 20. Bb1 Nac4 21. Rfe1 a5 22. h4 a4 23. h5 Na5 24. Bg5 Qc7 25. Rc1 Nbc4 26. Re2 Nb3 27. Rcc2 Qa5 28. hxg6 hxg6 29. Nh4 Nxb2 30. Qe3 Nc4 31. Qg3 Nxd4 32. Bf6 Nxe2+ 33. Rxe2 Nd6 34. Bxg6 Bg7 35. Bxf7+ Kxf7 36. Qxg7# 1-0


[Site "https://www.chess.com"]

[Event "Titled Tuesday Blitz May 23 Late 2023"]
[White "Fishbein, Alexander"]
[Black "StarkyNZ"]
[WhiteFideId "2000377"]
[WhiteElo "2415"]
[BlackElo "2372"]
[Result "1-0"]
[Round "07"]
[TimeControl "180+2"]
[Date "2023.05.23"]
[WhiteClock "0:00:48"]
[BlackClock "0:00:03"]

1. e4 e6 2. d4 d5 3. exd5 exd5 4. Nf3 Nf6 5. Bd3 Bd6 6. Qe2+ Qe7 7. Qxe7+ Kxe7 8. O-O Re8 9. Re1+ Kf8 10. Rxe8+ Kxe8 11. Nc3 c6 12. Bg5 Be6 13. Bxf6 gxf6 14. Bxh7 Nd7 15. Bd3 Ke7 16. Nh4 Rh8 17. g3 Nf8 18. Nf5+ Bxf5 19. Bxf5 Ne6 20. Ne2 Ng5 21. h4 Nf3+ 22. Kg2 Nd2 23. b3 Rh5 24. Bd3 f5 25. Re1 Kf6 26. f3 f4 27. Rd1 fxg3 28. Rxd2 Rxh4 29. Nxg3 Bf4 30. Re2 Rh8 31. Nf1 Rg8+ 32. Kf2 Rh8 33. Ke1 Rh1 34. Rg2 Bc1 35. Ke2 Bb2 36. Rg4 a5 37. c4 Ke7 38. cxd5 cxd5 39. Rg5 Ke6 40. Re5+ Kd6 41. Rf5 Bxd4 42. Rxf7 Rg1 43. Ne3 Bc3 44. Rxb7 Re1+ 45. Kf2 Ra1 46. Nc2 Rd1 47. Ke3 Rh1 48. Rb6+ Kc7 49. Rg6 d4+ 50. Nxd4 Re1+ 51. Ne2 Bb4 52. f4 Bc5+ 53. Ke4 Rd1 54. f5 1-0


[Site "https://www.chess.com"]

[Event "Titled Tuesday Blitz May 23 Late 2023"]
[White "Chyngyz, Sultai"]
[Black "Novik, Maxim"]
[WhiteFideId "13803158"]
[BlackFideId "4102924"]
[WhiteElo "1408"]
[BlackElo "2287"]
[Result "1-0"]
[Round "07"]
[TimeControl "180+2"]
[Date "2023.05.23"]
[WhiteClock "0:00:09"]
[BlackClock "0:00:00"]

1. e4 c6 2. Nf3 d5 3. Nc3 dxe4 4. Nxe4 Nf6 5. Qe2 Nxe4 6. Qxe4 Qd5 7. Qh4 Qe6+ 8. Be2 Qg6 9. Qg3 Qxc2 10. O-O Qf5 11. d4 Nd7 12. Nh4 Qa5 13. Bf4 Nf6 14. Rfe1 Nd5 15. Bc4 g6 16. Be5 Rg8 17. Bd6 Be6 18. Be5 O-O-O 19. b4 Qxb4 20. Bd3 Bg7 21. Bxg7 Rxg7 22. Nf3 Rgg8 23. Ne5 Qd6 24. Rab1 f6 25. Nc4 Qxg3 26. hxg3 Bf7 27. Na5 Rd7 28. Nxb7 Rxb7 29. Ba6 Kc7 30. Rxb7+ Kd6 31. Bc4 Re8 32. Rxa7 g5 33. Bxd5 Bxd5 34. a4 h5 35. f3 g4 36. Kf2 e6 37. a5 Rb8 38. Re2 Rb3 39. fxg4 hxg4 40. Rf7 f5 41. a6 Ra3 42. a7 Be4 43. Rb2 Kd5 44. Rb8 Ra2+ 45. Ke3 e5 46. Rd8+ Ke6 47. Rfd7 Ra3+ 48. Kd2 exd4 49. a8=Q Rxa8 50. Rxa8 Kxd7 51. Ra5 Kd6 52. Ra7 c5 53. Rg7 c4 54. Rg8 c3+ 55. Ke2 Kd5 56. Rc8 1-0


[Site "https://www.chess.com"]

[Event "Titled Tuesday Blitz May 23 Late 2023"]
[White "Bach, Matthias"]
[Black "Fridman, Daniel"]
[WhiteFideId "4603168"]
[BlackFideId "11600454"]
[WhiteElo "2130"]
[BlackElo "2525"]
[Result "0-1"]
[Round "07"]
[TimeControl "180+2"]
[Date "2023.05.23"]
[WhiteClock "0:00:16"]
[BlackClock "0:00:55"]

1. d4 d5 2. c4 e6 3. Nc3 c5 4. cxd5 cxd4 5. Qxd4 Nc6 6. Qa4 exd5 7. Nf3 d4 8. Nb5 Bb4+ 9. Bd2 Bxd2+ 10. Nxd2 a6 11. Na3 Nf6 12. g3 Qd5 13. Nf3 b5 14. Qb3 Qxb3 15. axb3 Be6 16. b4 Rd8 17. Nc2 Nd5 18. Rxa6 Ndxb4 19. Nxb4 Nxb4 20. Ra7 O-O 21. Bg2 Bc4 22. Kd2 Rfe8 23. Re1 Rd6 24. Ng5 h6 25. Ne4 Rde6 26. e3 Rxe4 27. Bxe4 Rxe4 28. exd4 Rxd4+ 29. Kc3 Nc6 30. Ra8+ Kh7 31. Re3 b4+ 32. Kc2 Rd6 33. b3 Nd4+ 34. Kb2 Bxb3 35. Rxb3 Nxb3 36. Kxb3 Rd2 37. Ra2 Rxa2 38. Kxa2 Kg6 39. Kb3 Kf5 40. f3 Ke5 41. Kxb4 Kd4 42. f4 h5 43. Kb5 h4 44. Kc6 h3 45. Kd7 Ke4 46. Ke7 f5 47. Kf7 Kf3 48. Kxg7 Kg2 49. Kg6 Kxh2 50. Kxf5 Kxg3 0-1


[Site "https://www.chess.com"]

[Event "Titled Tuesday Blitz May 23 Late 2023"]
[White "Rozman, Levy"]
[Black "Kaplan, Avi Harrison"]
[WhiteFideId "2039877"]
[BlackFideId "30934559"]
[WhiteElo "2376"]
[BlackElo "1983"]
[Result "1-0"]
[Round "07"]
[TimeControl "180+2"]
[Date "2023.05.23"]
[WhiteClock "0:01:39"]
[BlackClock "0:00:02"]

1. e4 c5 2. Nc3 a6 3. d4 cxd4 4. Qxd4 e6 5. Be3 Nc6 6. Qd2 Nf6 7. O-O-O Bb4 8. f3 Qa5 9. Nge2 d5 10. a3 Bxa3 11. bxa3 Qxa3+ 12. Kb1 dxe4 13. Qd6 Qxd6 14. Rxd6 exf3 15. gxf3 e5 16. Rg1 Be6 17. Rxg7 Rc8 18. Ne4 Nxe4 19. fxe4 Nb4 20. c3 Nc6 21. Bg5 Ne7 22. Rxe6 fxe6 23. Rxe7+ Kf8 24. Rxb7 h6 25. Bf6 Rg8 26. Bh3 Rc6 27. Bxe5 Rg6 28. Nf4 Rg1+ 29. Kb2 Rh1 30. Nxe6+ Kg8 31. Rg7+ Kh8 32. Rg6+ Kh7 33. Nf8# 1-0


[Site "https://www.chess.com"]

[Event "Titled Tuesday Blitz May 23 Late 2023"]
[White "SergioMoralesG"]
[Black "Chen, Ryo"]
[BlackFideId "7003072"]
[WhiteElo "2455"]
[BlackElo "2169"]
[Result "1/2-1/2"]
[Round "07"]
[TimeControl "180+2"]
[Date "2023.05.23"]
[WhiteClock "0:00:03"]
[BlackClock "0:00:16"]

1. d4 Nf6 2. c4 g6 3. Nc3 Bg7 4. e4 d6 5. Be2 O-O 6. Nf3 e5 7. Be3 Ng4 8. Bg5 f6 9. Bh4 g5 10. Bg3 Nh6 11. h3 Nc6 12. d5 Ne7 13. O-O Ng6 14. Re1 f5 15. exf5 Nxf5 16. Ne4 h6 17. Rc1 Nf4 18. Bf1 b6 19. b4 a5 20. a3 axb4 21. axb4 Bd7 22. c5 bxc5 23. bxc5 Ba4 24. Qd2 Nxg3 25. fxg3 Nxh3+ 26. Kh2 g4 27. Nh4 Ng5 28. Bd3 Be8 29. c6 Nxe4 30. Bxe4 Qg5 31. Qc2 Bf6 32. Rb1 Qh5 33. Bg6 Bxg6 34. Qxg6+ Qxg6 35. Nxg6 Rfb8 36. Rb7 Rxb7 37. cxb7 Rb8 38. Rb1 Kg7 39. Nh4 Bxh4 40. gxh4 Kf6 41. Kg3 h5 42. Kf2 Ke7 43. Ke3 Kd7 44. Ke4 c6 45. Rb6 c5 46. Kd3 Ke7 47. Ke4 c4 48. g3 Kd7 49. Kf5 c3 50. Rc6 Rxb7 51. Rxc3 Rb4 52. Kg6 Rd4 53. Kxh5 Rxd5 54. Kg5 Ke6 55. h5 e4+ 56. Kg6 Rf5 57. h6 Rf6+ 58. Kg7 Rf7+ 59. Kg6 Rf6+ 60. Kg7 Rf7+ 61. Kg6 Rf6+ 1/2-1/2


[Site "https://www.chess.com"]